 Dungeon Crawl Stone Soup version 0.29-a0-972-g43c84944fd (console) character file.

Game seed: 12457677180782775031

62891 CannotBeFrozen the Carver (level 15, -7/122 HPs)
             Began as a Human Delver on July 31, 2022.
             Was the Champion of Dithmenos.
             Mangled by Donald
             ... wielding a +0 scimitar
              (27 damage)
             ... on level 1 of the Orcish Mines.
             The game lasted 01:41:25 (28970 turns).

CannotBeFrozen the Carver (Human Delver)           Turns: 28970, Time: 01:41:25

Health: -7/122     AC: 22    Str: 17    XL:     15   Next: 47%
Magic:  22/22      EV: 13    Int:  9    God:    Dithmenos [******]
Gold:   1513       SH: 14    Dex: 21    Spells: 14/14 levels left

rFire   + + .      SeeInvis .   a - +7 Throatcutter {drain, coup de grace}
rCold   + + .      Faith    .   U - +1 kite shield {rPois}
rNeg    . . .      Spirit   .   V - +5 scale mail "Walag" {rF+}
rPois   +          Reflect  .   E - +0 helmet
rElec   +          Harm     .   T - +1 cloak {rCorr}
rCorr   +          Rampage  .   R - +2 pair of gloves "Etuno" {*Corrode +Blink rElec rC+}
Will    ++++.                   r - +1 pair of boots
Stlth   +++.......              B - amulet of the acrobat
HPRegen 0.30/turn               H - ring "Oliasuyts" {Drain rC+ Will+ Dex+4}
MPRegen 0.18/turn               J - ring of the Traitor {rPois rF+ Will++ Int-2}

@: wreathed by umbra
A: no striking features
a: Renounce Religion, Evoke Blink, Shadow Step, Shadow Form


You were on level 1 of the Orcish Mines.
You worshipped Dithmenos.
Dithmenos was exalted by your worship.
You visited 4 branches of the dungeon, and saw 21 of its levels.
You also visited: Gauntlet and Ice Cave.

You collected 2604 gold pieces.
You spent 1091 gold pieces at shops.

Inventory:

Hand Weapons
 a - the +7 Throatcutter (weapon) {drain, coup de grace}
   (You found it on level 4 of the Dungeon)

   A truly terrible weapon, it drains the life of any living foe it strikes.
   It may instantly kill foes which have little health.
 b - a +2 scimitar of flaming
Missiles
 m - 28 poisoned darts (quivered)
 q - 12 silver javelins
 y - 5 boomerangs
 L - a throwing net {=f=F}
 N - 9 javelins
Armour
 r - a +1 pair of boots (worn)
 E - a +0 helmet (worn)
 R - the +2 pair of gloves "Etuno" (worn) {*Corrode +Blink rElec rC+}
   (You found it in a Gauntlet)

   rC:        It protects you from cold.
   rElec:     It insulates you from electricity.
   +Blink:    It lets you blink.
   *Corrode:  It may corrode you when you take damage.
 T - a +1 cloak of preservation (worn)
 U - a +1 kite shield of poison resistance (worn)
 V - the +5 scale mail "Walag" (worn) {rF+}
   (You found it in a Gauntlet)

   rF:        It protects you from fire.
Jewellery
 e - a ring of flight
 B - an amulet of the acrobat (around neck)
 H - the ring "Oliasuyts" (left hand) {Drain rC+ Will+ Dex+4}
   (You bought it in a shop on level 4 of the Dungeon)

   [ring of protection from cold]

   Dex:       It affects your dexterity (+4).
   rC:        It protects you from cold.
   Drain:     It drains your maximum health when unequipped.
   Will:      It increases your willpower.
 I - the ring "Luenuistoic" {rElec rPois Will- Slay+6 Stlth+}
   (You bought it in a shop on level 3 of the Dungeon)

   [ring of poison resistance]

   Slay:      It affects your accuracy & damage with ranged weapons and melee
   (+6).
   rElec:     It insulates you from electricity.
   rPois:     It protects you from poison.
   Will:      It decreases your willpower.
   Stlth:     It makes you more stealthy.
 J - the ring of the Traitor (right hand) {rPois rF+ Will++ Int-2}
   (You found it in a Gauntlet)

   [ring of protection from fire]

   Int:       It affects your intelligence (-2).
   rF:        It protects you from fire.
   rPois:     It protects you from poison.
   Will:      It greatly increases your willpower.
 Y - a ring of positive energy
Wands
 g - a wand of digging (7)
 s - a wand of mindburst (3)
 u - a wand of polymorph (5)
 x - a wand of paralysis (11)
 F - a wand of quicksilver (2)
 K - a wand of flame (13)
 S - a wand of iceblast (14)
Scrolls
 c - a scroll of fog
 f - 3 scrolls of vulnerability
 o - 4 scrolls of teleportation {@r2}
 p - 4 scrolls of poison
 t - 4 scrolls of butterflies
 v - 3 scrolls of amnesia
 w - a scroll of brand weapon
 z - 10 scrolls of enchant armour
 D - 2 scrolls of enchant weapon
 G - 2 scrolls of immolation
 M - 4 scrolls of torment
 P - 2 scrolls of fear
 Q - 10 scrolls of identify {@r1}
 W - a scroll of blinking
Potions
 d - 2 potions of invisibility
 h - 7 potions of heal wounds {@q2}
 i - 4 potions of attraction
 j - 3 potions of lignification
 k - 5 potions of curing {@q1}
 l - 8 potions of mutation
 n - 6 potions of flight
 A - a potion of magic
 C - 2 potions of might
 O - a potion of brilliance
 X - a potion of ambrosia
Miscellaneous
 Z - a phial of floods


   Skills:
 - Level 12.5 Fighting
 - Level 14.0 Long Blades
 - Level 4.1 Polearms
 - Level 5.0 Throwing
 + Level 8.1 Armour
 + Level 8.1 Dodging
 - Level 5.0 Stealth
 + Level 10.8 Shields
 - Level 10.0 Invocations


You had 14 spell levels left.
You didn't know any spells.
Your spell library contained the following spells:

 Spells                   Type           Power      Damage    Failure   Level
 Magic Dart               Conj           0%         1d3       94%         1
 Necrotise                Necr           0%         1d4       94%         1
 Shock                    Conj/Air       0%         1d3       94%         1
 Slow                     Hex            0%         N/A       94%         1
 Summon Small Mammal      Summ           0%         N/A       94%         1
 Blink                    Tloc           0%         N/A       98%         2
 Call Imp                 Summ           0%         N/A       98%         2
 Call Canine Familiar     Summ           0%         N/A       100%        3
 Confusing Touch          Hex            0%         N/A       100%        3
 Conjure Flame            Conj/Fire      0%         6-21      100%        3
 Ignite Poison            Fire/Tmut/Pois 0%         N/A       100%        3
 Mephitic Cloud           Conj/Pois/Air  0%         N/A       100%        3
 Summon Guardian Golem    Hex/Summ       0%         N/A       100%        3
 Swiftness                Air            0%         N/A       100%        3
 Vampiric Draining        Necr           0%         2d6       100%        3
 Airstrike                Air            0%         0-1+      100%        4
 Fulminant Prism          Conj/Hex       0%         3d6       100%        4
 Iskenderun's Mystic Bla  Conj/Tloc      0%         2d3       100%        4
 Leda's Liquefaction      Hex/Erth       0%         N/A       100%        4
 Sticky Flame             Conj/Fire      0%         2d3       100%        4
 Agony                    Necr           0%         N/A       100%        5
 Blade Hands              Tmut           0%         N/A       100%        5
 Fireball                 Conj/Fire      0%         3d3       100%        5
 Irradiate                Conj/Tmut      0%         3d11      100%        5
 Lee's Rapid Deconstruct  Erth           0%         3d5*      100%        5
 Summon Forest            Summ/Tloc      0%         N/A       100%        5
 Eringya's Noxious Bog    Tmut/Pois      0%         N/A       100%        6
 Starburst                Conj/Fire      0%         6d3       100%        6
 Statue Form              Tmut/Erth      0%         N/A       100%        6
 Dragon Form              Tmut           0%         N/A       100%        7
 Summon Hydra             Summ           0%         N/A       100%        7
 Ignition                 Fire           0%         3d3       100%        8
 Death's Door             Necr           0%         N/A       100%        9


Dungeon Overview and Level Annotations

Branches:
Dungeon (13/15)            Temple (1/1) D:7            Lair (5/5) D:11
  Swamp (0/4) Lair:2        Snake (0/4) Lair:2        Slime (0/5) Lair:4
    Orc (2/2) D:9             Elf (0/3) Orc:2        Vaults (0/5) D:13
  IceCv (visited)         Gauntlet (visited)

Altars:
Ashenzari
Cheibriados
Dithmenos
Elyvilon
Fedhas
Gozag
Hepliaklqana
Kikubaaqudgha
Makhleb
Nemelex Xobeh
Okawaru
Qazlal
Ru
Sif Muna
Trog
Uskayaw
Vehumet
Wu Jian
Xom
Yredelemnul
Zin
The Shining One
Jiyva

Shops:
D:3 =   D:4 =   D:7 !:   D:9 (

Annotations:
D:8 3 runed translucent doors, Smoky173's ghost, novice DsMo
D:11 1 runed translucent door, Querens's ghost, journeyman MeFi
D:13 Nessos; Rupert
Orc:1 2 transporters, Donald
Orc:2 Maurice


Message History

HP: 68/122 (-26) ======------ !!
You hit Donald but do no damage.
Donald is severely wounded.
Donald hits you with a +0 scimitar!!
* * * LOW HITPOINT WARNING * * *
HP: 46/122 (-22) ====-------- !
Donald blocks your attack.
Donald is severely wounded.
Donald blocks your shadow's attack. You block Donald's attack.
You slash Donald!
Donald is severely wounded.
Donald blocks your shadow's attack. Donald hits you with a +0 scimitar!
* * * LOW HITPOINT WARNING * * *
HP: 36/122 (-11) ===---------
Aiming: Quicksilver Bolt
Press: ? - help, Shift-Dir - straight line, f/p - Donald
Aim: Donald, wielding a +0 scimitar, wearing a +0 plate armour and wearing a +0 kite shield (severely wounded, fast, strong, lightly drained, umbra, 86% to hit)
The bolt of dispelling energy hits Donald.
Donald is severely wounded.
Donald's magical effects unravel!
Donald gestures wildly while chanting.
Donald seems to grow stronger.
Donald blocks your attack.
Donald is severely wounded.
Donald hits you but does no damage.
You slash Donald!
Donald is almost dead.
Donald casts a spell.
Donald seems to speed up.
Donald blocks your attack.
Donald is almost dead.
Donald hits you with a +0 scimitar!
* * * LOW HITPOINT WARNING * * *
HP: 20/122 (-17) =----------- !
Aiming: Quicksilver Bolt
Press: ? - help, Shift-Dir - straight line, f/p - Donald
Aim: Donald, wielding a +0 scimitar, wearing a +0 plate armour and wearing a +0 kite shield (almost dead, fast, strong, lightly drained, umbra, 86% to hit)
The bolt of dispelling energy misses Donald.
Donald hits you with a +0 scimitar!!
You die...

#...# ##.## ### ##...# ### #...# #####.###...##
##.## ### #...# ##.##...##...# #...# ##.##
##.###### #...#...###.######.####...###....##.##
####.###.###.....#.#..##...#.#.........#
##.##.###.##..>.........#......#.......##
#......#...#......#.#..#...............#
##.#..##...........####.#...#...#.....##
##..)##........).##.......#.#.........#
##.))........@@.........#...........##
####.#.........#........©...........##
####.#####............###########.......#
##.#...#####..........##oooCCooo.##...#.## ####
#......##.##..........#..o#####o..#...#.####.#.
##..............#......#...o#o#$...#......##....
#..............##......#.#$.....!#.#..........#.
##.##...........##.....#.##.8.8.##.#..##..##..##
###....#.##...####....#. ..._... .#...#.......#
##....##...#.#.##...# #..###.....##
###.##.............# #.........##


You could see Donald (fast, strong, drained).

Vanquished Creatures
  Gastronok (D:8)
  A reaper (IceCv)
  A fire dragon (Lair:5)
  An ettin (Orc:1)
  A catoblepas (Lair:5)
  2 hydras
  Erica (D:8)
  5 two-headed ogres
  4 death yaks (Lair:2)
  Urug (Lair:2)
  Amaemon (D:8)
  3 bog bodies (Lair:2)
  A swamp dragon (Lair:5)
  An oklob plant (Lair:1)
  A cyclops (D:12)
  18 elephants
  6 black mambas
  17 cane toads
  2 gargoyles (D:12)
  An ice statue (IceCv)
  An orange demon (D:8)
  Joseph (D:7)
  9 komodo dragons
  2 ice devils (Lair:4)
  A freezing wraith (IceCv)
  A hornet (D:7)
  5 trolls
  11 polar bears
  14 blink frogs
  A wolf spider simulacrum (Gauntlet)
  Grinder (D:5)
  3 dream sheep (Lair:3)
  5 raiju (Lair:5)
  8 slime creatures
  2 centaur simulacra (Gauntlet)
  2 wyverns
  27 yaks
  Grum (D:8)
  A dire elephant simulacrum (IceCv)
  2 wraiths
  2 death yak simulacra (IceCv)
  4 basilisks
  5 steam dragons
  7 wargs
  6 vampire mosquitoes
  2 swamp worms (Lair:2)
  A harpy simulacrum (Gauntlet)
  4 acid dragons
  19 water moccasins
  12 hell hounds (Lair:5)
  A swamp drake (Lair:5)
  13 black bears
  10 orc warriors
  A sky beast (D:7)
  An ogre (Orc:1)
  23 wolves
  4 centaurs
  A phantom (D:5)
  2 kobold brigands
  10 bullfrogs
  2 gnoll sergeants
  A necrophage (D:7)
  A scorpion (D:5)
  5 two-headed ogre simulacra (IceCv)
  5 cane toad simulacra (IceCv)
  2 elephant simulacra (IceCv)
  14 killer bees
  A howler monkey (D:5)
  3 electric eels
  3 jellies
  5 hounds
  A gnoll bouda (Lair:3)
  15 orc priests
  7 iguanas
  15 orc wizards
  3 spriggan simulacra (IceCv)
  3 polar bear simulacra (IceCv)
  4 troll simulacra (IceCv)
  16 gnolls
  3 adders
  7 naga simulacra (IceCv)
  2 shadow imps
  8 white imps
  6 ufetubi (IceCv)
  3 worms
  5 dart slugs
  56 orcs
  6 ball pythons
  7 endoplasms
  3 giant cockroaches
  8 goblins
  7 hobgoblins
  13 jackals
  23 kobolds
  A quokka (D:5)
  7 bats
  2 frilled lizards
  5 rats
573 creatures vanquished.

Vanquished Creatures (collateral kills)
  A minotaur (Gauntlet)
  An ice devil (IceCv)
2 creatures vanquished.

Vanquished Creatures (others)
  16 fungi
  69 plants
  3 withered plants
88 creatures vanquished.

Grand Total: 663 creatures vanquished

Notes
Turn   | Place    | Note
-------+----------+-------------------------------------------
     0 | D:5      | CannotBeFrozen the Human Delver began the quest for the
                  | Orb.
     0 | D:5      | Reached XP level 1. HP: 18/18 MP: 1/1
    26 | D:5      | Noticed a scorpion
   100 | D:5      | Noticed a black bear
   269 | D:4      | Reached XP level 2. HP: 22/24 MP: 2/2
   584 | D:3      | Found Sechirog's Jewellery Emporium.
  1022 | D:3      | Reached XP level 3. HP: 29/29 MP: 3/3
  1031 | D:3      | Reached skill level 1 in Throwing
  1844 | D:1      | Reached XP level 4. HP: 34/35 MP: 4/4
  2009 | D:1      | Reached skill level 1 in Shields
  2549 | D:1      | Found a faded altar of an unknown god.
  3149 | D:3      | Reached XP level 5. HP: 41/41 MP: 5/5
  3484 | D:2      | Reached skill level 1 in Armour
  4040 | D:4      | Found the +7 Throatcutter {drain, coup de grace}
  4040 | D:4      | Noticed a kobold brigand
  4071 | D:4      | Killed a kobold brigand
  4072 | D:4      | Reached XP level 6. HP: 14/47 MP: 6/6
  4388 | D:4      | Found Dapnisal's Jewellery Emporium.
  4422 | D:4      | Reached skill level 1 in Long Blades
  4835 | D:4      | Reached skill level 2 in Long Blades
  4984 | D:4      | Reached XP level 7. HP: 47/52 MP: 7/7
  5092 | D:4      | Identified a scroll of acquirement
  5442 | D:4      | Acquired 717 gold pieces
  5460 | D:4      | Bought the ring "Oliasuyts" {Drain rC+ Will+ Dex+4} for 404
                  | gold pieces
  5482 | D:5      | Reached skill level 3 in Long Blades
  5617 | D:5      | Reached skill level 4 in Long Blades
  5710 | D:5      | Noticed Grinder
  5906 | D:5      | Noticed a water moccasin
  5907 | D:5      | Killed a water moccasin
  5930 | D:5      | Killed Grinder
  5931 | D:5      | Reached skill level 5 in Long Blades
  5931 | D:5      | Reached XP level 8. HP: 44/60 MP: 8/8
  7529 | D:6      | Reached skill level 6 in Long Blades
  7664 | D:7      | Noticed Joseph
  7840 | D:7      | Found a staircase to the Ecumenical Temple.
  7852 | D:7      | Reached XP level 9. HP: 62/66 MP: 9/9
  7866 | Temple   | Entered the Ecumenical Temple
  8074 | Temple   | Became a worshipper of Dithmenos the Shadowed
  8116 | D:7      | Reached skill level 5 in Fighting
  8142 | D:7      | Reached skill level 7 in Long Blades
  8435 | D:7      | Found Faqam's Distillery.
  8490 | D:7      | Bought a potion of might for 52 gold pieces
  8642 | D:7      | Noticed a hornet
  8729 | D:7      | Found a shimmering blue altar of Sif Muna.
  8750 | D:7      | Found Avep's Tremendous Tomes.
  8927 | D:8      | Noticed Erica
  9023 | D:8      | Noticed an orange demon
  9201 | D:8      | Reached skill level 8 in Long Blades
  9768 | D:8      | Noticed Amaemon
  9772 | D:8      | Noticed Gastronok
 10013 | D:8      | Killed Erica
 10014 | D:8      | Reached skill level 9 in Long Blades
 10014 | D:8      | Reached XP level 10. HP: 44/77 MP: 10/10
 10376 | D:3      | Bought the ring "Luenuistoic" {rElec rPois Will- Slay+6
                  | Stlth+} for 635 gold pieces
 10575 | D:7      | Killed Joseph
 10576 | D:7      | Reached skill level 10 in Long Blades
 10741 | D:8      | Noticed Grum
 10792 | D:8      | Found a runed translucent gate.
 10831 | D:8      | Found a runed translucent gate.
 10833 | D:8      | Noticed a nine-headed hydra
 10847 | D:8      | Reached * piety under Dithmenos
 10850 | D:8      | Killed Grum
 10904 | D:8      | Found a runed translucent gate.
 10927 | D:8      | Noticed Smoky173's ghost (novice DsMo)
 11738 | D:9      | Reached skill level 11 in Long Blades
 11861 | D:9      | Noticed a two-headed ogre
 11906 | D:9      | Found a staircase to the Orcish Mines.
 11961 | D:9      | Reached XP level 11. HP: 43/87 MP: 11/11
 12281 | D:9      | Found Ceaven's Weapon Boutique.
 12447 | D:10     | Entered Level 10 of the Dungeon
 12594 | D:10     | Reached ** piety under Dithmenos
 12595 | D:10     | Reached skill level 12 in Long Blades
 12730 | D:10     | Noticed a two-headed ogre
 12764 | D:10     | Killed a two-headed ogre
 13480 | D:10     | Noticed a two-headed ogre
 13996 | D:11     | Found a gate leading to a gauntlet.
 14002 | Gauntlet | Entered a Gauntlet
 14002 | Gauntlet | Found a transporter.
 14018 | Gauntlet | Found a transporter.
 14020 | Gauntlet | Found a transporter.
 14023 | Gauntlet | Found a transporter.
 14026 | Gauntlet | Noticed a wretched star
 14031 | Gauntlet | Found a transporter.
 14031 | Gauntlet | Found a transporter.
 14040 | Gauntlet | Found a transporter.
 14048 | Gauntlet | Found a transporter.
 14064 | Gauntlet | Found a transporter.
 14064 | Gauntlet | Found a transporter.
 14064 | Gauntlet | Found a transporter.
 14064 | Gauntlet | Noticed an orange crystal statue
 14069 | Gauntlet | Found a runed translucent door.
 14069 | Gauntlet | Found a runed translucent door.
 14073 | Gauntlet | Found a transporter.
 14379 | Gauntlet | Reached skill level 13 in Long Blades
 14408 | Gauntlet | Noticed a necromancer
 14408 | Gauntlet | Identified the ring of the Traitor {rPois rF+ Will++ Int-2}
 14444 | Gauntlet | Noticed an elephant
 14444 | Gauntlet | Noticed an elephant
 14444 | Gauntlet | Noticed an elephant
 14444 | Gauntlet | Noticed an elephant
 14444 | Gauntlet | Noticed an elephant
 14453 | Gauntlet | Identified the +2 pair of gloves "Etuno" {*Corrode +Blink
                  | rElec rC+}
 14827 | Gauntlet | Noticed a minotaur
 14842 | Gauntlet | Killed a minotaur
 14954 | Gauntlet | Got the Cyclopedia of the Loathsome Voyage
 14961 | Gauntlet | Identified the +5 scale mail "Walag" {rF+}
 15105 | D:11     | Noticed a five-headed hydra
 15117 | D:11     | Killed a one-headed hydra
 15118 | D:11     | Reached skill level 10 in Fighting
 15167 | D:11     | Reached *** piety under Dithmenos
 15272 | D:11     | Noticed a two-headed ogre
 15282 | D:11     | Killed a two-headed ogre
 15283 | D:11     | Reached XP level 12. HP: 95/97 MP: 12/12
 15489 | D:11     | Found a staircase to the Lair.
 15743 | D:10     | Killed a two-headed ogre
 15744 | D:10     | Reached skill level 14 in Long Blades
 15919 | D:9      | Killed a two-headed ogre
 16331 | D:8      | Killed Amaemon
 16887 | D:8      | Killed Gastronok
 17315 | D:11     | Found a runed translucent door.
 17332 | D:11     | Noticed Querens's ghost (journeyman MeFi)
 18467 | D:12     | Noticed a two-headed ogre
 18473 | D:12     | Killed a two-headed ogre
 18928 | D:13     | Noticed Nessos
 18928 | D:13     | Noticed Rupert
 18928 | D:13     | Found a gate to the Vaults.
 18994 | Lair:1   | Entered Level 1 of the Lair of Beasts
 19023 | Lair:1   | Reached XP level 13. HP: 86/109 MP: 13/13
 19167 | Lair:1   | Found a radiant altar of Vehumet.
 19373 | Lair:1   | Reached skill level 5 in Shields
 20232 | Lair:1   | Reached skill level 5 in Throwing
 20232 | Lair:1   | Reached skill level 5 in Dodging
 20236 | Lair:1   | Reached skill level 5 in Armour
 20467 | Lair:2   | Found a staircase to the Snake Pit.
 20470 | Lair:2   | Noticed Urug
 20534 | Lair:2   | Killed Urug
 20718 | Lair:2   | Reached **** piety under Dithmenos
 20922 | Lair:2   | Found a staircase to the Swamp.
 22051 | Lair:3   | Identified the +9 falchion of Lesaygo {vorpal, rC- Int+8}
 22600 | Lair:3   | Reached XP level 14. HP: 97/116 MP: 14/14
 23640 | Lair:4   | Found a frozen archway.
 23719 | IceCv    | Entered an ice cave
 24004 | IceCv    | Reached ***** piety under Dithmenos
 24492 | IceCv    | Noticed a reaper
 24517 | IceCv    | Killed a reaper
 24950 | Lair:4   | Found a staircase to the Slime Pits.
 24951 | Lair:4   | Found a viscous altar of Jiyva.
 25051 | Lair:4   | Reached skill level 10 in Shields
 25790 | Lair:5   | Entered Level 5 of the Lair of Beasts
 26096 | Lair:5   | Reached skill level 1 in Invocations
 26412 | Lair:5   | Reached ****** piety under Dithmenos
 26413 | Lair:5   | Reached skill level 5 in Invocations
 26417 | Lair:5   | Reached XP level 15. HP: 56/122 MP: 17/19
 27976 | Orc:1    | Entered Level 1 of the Orcish Mines
 28618 | Orc:1    | Found a transporter.
 28618 | Orc:1    | You fall into a shaft and drop 1 floor!
 28618 | Orc:2    | Entered Level 2 of the Orcish Mines
 28629 | Orc:2    | Found a staircase to the Elven Halls.
 28825 | Orc:1    | Found a transporter.
 28863 | Orc:1    | Reached skill level 10 in Invocations
 28907 | Orc:1    | Noticed a stone giant
 28907 | Orc:1    | Noticed a stone giant
 28942 | Orc:2    | Noticed Donald
 28944 | Orc:2    | Noticed Maurice
 28970 | Orc:1    | Mangled by Donald

Illustrated notes

Levels and vault maps discovered:
D:1:      ebering_trefoil_twist, layout_basic, chequers_ecumenical_altar_island
D:2:      layout_rooms
D:3:      layout_basic, serial_shops, shop
D:4:      layout_layer_cave, serial_shops, kennysheep_mini,
          palyth_stone_intersect, dilly_guarded_unrand_throatcut
D:5:      layout_gridville, uniq_grinder
D:6:      layout_basic
D:7:      layout_rooms, mainiacjoe_overflow_alcove_1,
          minmay_temple_entry_slanted, nicolae_shop_i_like_big_books,
          nicolae_inconvenience_store, hangedman_decor_points, uniq_joseph
D:8:      layout_basic, gammafunk_ghost_hydra_chop, serial_rivers,
          chequers_serial_rivers_room_a, chequers_serial_rivers_room_b,
          chequers_serial_rivers_micro_e, chequers_serial_rivers_room_b,
          chequers_serial_rivers_small_3, uniq_amaemon, uniq_grum, uniq_erica,
          uniq_gastronok
D:9:      layout_roguey, minmay_orc_entry_temple_small, serial_shops,
          nicolae_shop_waterfront, corexii_hall_statues_i
D:10:     layout_loops_corners
D:11:     layout_small_grid, erik_lair_orcish_takeover, gauntlet_entry_generic,
          gammafunk_ghost_grave
D:12:     layout_basic
D:13:     layout_stronghold, david_vaults_3, uniq_rupert
Temple:   mainiacjoe_temple_hex_bubbles
Lair:1:   layout_loops_ring, lemuel_oklob_altar
Lair:2:   wander_river, layout_layer_cave, nicolae_swamp_entry_splash_gauntlet,
          chequers_serial_rivers_small_b, columned_hall_lemuel, uniq_urug
Lair:3:   layout_big_grid, dreamdust_gnoll_shepherd, grunt_megastairs_3,
          serial_bayou_shore_a
Lair:4:   layout_gridlike, slime_entry_1, portal_ice_cave_demonic_guard,
          infiniplex_staircase_pool_2
Lair:5:   hangedman_lair_caniforms_friends, layout_long_grid,
          guppyfry_lair_end_dragon
Orc:1:    gammafunk_beogh_shrine, layout_caves
Orc:2:    st_orc_elflike, layout_diamond_mine, uniq_maurice, uniq_donald

Skill      XL: |  1  2  3  4  5  6  7  8  9 10 11 12 13 14 15 |
---------------+----------------------------------------------+-----
Polearms       | 3 4 |  4.1
Throwing       | 1 2 3 4 5 |  5.0
Shields        | 1 2 3 4 8 10 | 10.8
Armour         | 1 3 4 6 8 |  8.1
Long Blades    | 2 5 6 9 11 13 14 | 14.0
Fighting       | 4 6 8 10 12 | 12.5
Dodging        | 3 4 6 8 |  8.1
Invocations    | 5 10 | 10.0
Stealth        | |  5.0

Action                   |  1- 3 |  4- 6 |  7- 9 | 10-12 | 13-15 || total
-------------------------+-------+-------+-------+-------+-------++-------
Melee: Spear             |    91 |   223 |       |       |       ||   314
       Punch             |     1 |       |       |       |       ||     1
       Long sword        |       |    27 |   132 |   405 |   912 ||  1476
       Scimitar          |       |       |       |     5 |     3 ||     8
Throw: Dart              |    34 |    18 |    74 |   109 |    74 ||   309
       Javelin           |     3 |     8 |     1 |     4 |    10 ||    26
       Boomerang         |       |     1 |     2 |    11 |     1 ||    15
Evoke: Wand              |       |       |       |     5 |    11 ||    16
       Phial of floods   |       |       |       |       |     1 ||     1
  Use: Scroll            |       |     1 |    15 |    13 |     3 ||    32
       Potion            |       |     1 |     3 |     6 |     2 ||    12
 Stab: Sleeping          |     2 |     7 |     5 |     4 |     8 ||    26
       Distracted        |       |       |       |     1 |     2 ||     3
       Confused          |       |       |       |       |     2 ||     2
Armor: Leather armour    |    20 |    35 |       |    26 |       ||    81
       Ring mail         |       |    24 |    14 |       |       ||    38
       Steam dragon scal |       |       |     9 |     1 |       ||    10
       Skin              |       |       |     4 |       |       ||     4
       Scale mail        |       |       |       |   111 |   302 ||   413
Dodge: Dodged            |    26 |   105 |    54 |   212 |   464 ||   861
Block: Buckler           |     5 |    40 |    24 |    61 |       ||   130
       Kite shield       |       |       |       |    83 |   571 ||   654

Table legend: (Time is in decaauts)
 A = Elapsed time spent in this place.
 B = Non-inter-level travel time spent in this place.
 C = Inter-level travel time spent in this place.
 D = Time resting spent in this place.
 E = Time spent auto-exploring this place.
 F = Levels seen in this place.
 G = Mean time per level.
                   A        B        C        D        E       F      G
               +--------+--------+--------+--------+--------+-----+--------+
         Total |  28867 |  27514 |   1353 |   4968 |  16122 |  23 | 1255.1 |
       Dungeon |  17975 |  16886 |   1089 |   3738 |   9487 |  13 | 1382.7 |
        Temple |    231 |    197 |     34 |      0 |    183 |   1 |  231.0 |
          Lair |   7871 |   7663 |    208 |    553 |   5336 |   5 | 1574.2 |
  Orcish Mines |    820 |    799 |     21 |      0 |    515 |   2 |  410.0 |
      Ice Cave |    975 |    975 |      0 |    253 |    464 |   1 |  975.0 |
      Gauntlet |    994 |    994 |      0 |    423 |    136 |   1 |  994.0 |
               +--------+--------+--------+--------+--------+-----+--------+

Top non-repeatable levels by time:
     D:8: 2950 daAuts
  Lair:5: 2022 daAuts
  Lair:2: 1842 daAuts
    D:10: 1826 daAuts
     D:4: 1819 daAuts
     D:9: 1774 daAuts
  Lair:1: 1473 daAuts
     D:3: 1385 daAuts
     D:6: 1373 daAuts
     D:7: 1359 daAuts
  Lair:3: 1312 daAuts
  Lair:4: 1220 daAuts
    D:12: 1191 daAuts
     D:2: 1157 daAuts
    D:11: 1101 daAuts
